 Dungeon Sprint DCSS version 0.14-a0-3376-gf173aa4 (webtiles) character file.

786 Froboctopus the Summoner (level 6, -9/32 HPs)
             Began as a Deep Elf Summoner on Mar 20, 2014.
             Killed by an exploding giant spore (22 damage)
             ... in the Dungeon (Sprint I: "Red Sonja").
             The game lasted 00:03:42 (607 turns).

Froboctopus the Summoner (Deep Elf Summoner)         Turns: 607, Time: 00:03:43

HP  -9/32        AC  3     Str  5      XL: 6   Next: 40%
MP  14/26        EV 13     Int 22      God:
Gold 420         SH  0     Dex 15      Spells:  4 memorised, 14 levels left

rFire  . . .     SeeInvis .     (no weapon)
rCold  . . .     Clarity  .     a - +0 robe
rNeg   . . .     Conserve .     (no shield)
rPois  .         rCorr    .     (no helmet)
rElec  .         rRot     .     (no cloak)
SustAb . .       Spirit   .     d - +0 pair of gloves
rMut   .         Warding  .     (no boots)
Saprov . . .     NoTele   +     (no amulet)
MR     .....                    (no ring)
                                (no ring)

@: confused, not resistant to hostile enchantments, very unstealthy
A: no striking features
a: no special abilities


You were in the Dungeon.
You were not hungry.

You visited 1 branch You collected 420 gold pieces.

Inventory:

Armour
 a - a +0 robe (worn)
 d - a +0 pair of gloves (worn)
Comestibles
 c - a bread ration
Scrolls
 i - a scroll of blinking
Potions
 e - a potion of heal wounds
 f - a potion of haste
 g - 2 potions of magic
 h - a potion of berserk rage
Books
 b - a book of Callings

   Spells                             Type                      Level
   *Summon Small Mammal               Summoning                    1
   *Call Imp                          Summoning                    2
   Call Canine Familiar               Summoning                    3
   Summon Guardian Golem              Hexes/Summoning              4
   *Summon Lightning Spire            Summoning/Air                4
   *Summon Ice Beast                  Ice/Summoning                4


   Skills:
 - Level 2.4 Dodging
 - Level 2.4 Stealth
 + Level 10.2 Spellcasting
 * Level 12.2 Summonings
 - Level 2.9 Ice Magic
 - Level 2.6 Air Magic


You had 14 spell levels left.
You knew the following spells:

 Your Spells              Type           Power        Failure   Level  Hunger
a - Summon Small Mammal   Summ           ####         1%          1    None
b - Call Imp              Summ           ######....   1%          2    None
c - Summon Lightning Spi  Summ/Air       #####...     2%          4    ##.....
d - Summon Ice Beast      Ice/Summ       #####...     2%          4    ##.....


Dungeon Overview and Level Annotations

Branches:
Dungeon (1/1)

Altars:
Cheibriados
Dithmenos
Kikubaaqudgha
Okawaru
Trog
Xom
Yredelemnul
The Shining One

Shops:
D ?


Message History

A chill wind blows around you.
Casting: Summon Ice Beast
Confirm with . or Enter, or press ? or * to list all spells.
A chill wind blows around you.
Casting: Summon Ice Beast
Confirm with . or Enter, or press ? or * to list all spells.
A chill wind blows around you.
You open the door. 2 giant spores come into view.
The giant spore waves its rhizomes.
The giant spore explodes!
The explosion of spores engulfs you!
You are confused.
Ouch! That really hurt!
The explosion of spores engulfs the giant spore.
The giant spore explodes!
The explosion of spores engulfs you!
You are more confused.
Ouch! That really hurt!
You die...

#..#_.####..##.#
#..#.....##+#..+
#⌠⌠#_.∩...+.(._#
####.....##_(#'#
#_._._###(#.#
#########(###
+..)+


#III# ##@## #'# !$! $%??$ ####### You could see 3 friendly ice beasts.

Vanquished Creatures (collateral kills)
  Sonja (D)
  A slime creature (D)
  An elephant slug (D)
  An ogre (D)
  Sigmund (D)
  A jelly (D)
  Ijyb (D)
7 creatures vanquished.

Vanquished Creatures (others)
  A gargoyle (D)
  An ice beast (D)
  2 crimson imps (D)
  A lightning spire (D)
  A white imp (D)
  A bat (D)
7 creatures vanquished.

Grand Total: 14 creatures vanquished

Notes
Turn   | Place    | Note
--------------------------------------------------------------
     0 | D        | Froboctopus, the Deep Elf Summoner, began the quest for the Orb.
     0 | D        | Reached XP level 1. HP: 10/10 MP: 5/5
     1 | D        | Noticed Ijyb
    19 | D        | Killed Ijyb
    19 | D        | Reached skill level 5 in Summonings
    19 | D        | Reached XP level 2. HP: 10/15 MP: 4/9
    23 | D        | Learned a level 2 spell: Call Imp
   173 | D        | Noticed an ogre
   188 | D        | Killed an ogre
   188 | D        | Reached skill level 6 in Spellcasting
   188 | D        | Reached skill level 7 in Summonings
   188 | D        | Reached XP level 3. HP: 19/19 MP: 3/15
   288 | D        | Noticed Sigmund
   296 | D        | Killed Sigmund
   296 | D        | Reached skill level 9 in Summonings
   296 | D        | Reached XP level 4. HP: 24/24 MP: 9/20
   318 | D        | Learned a level 4 spell: Summon Lightning Spire
   323 | D        | Learned a level 4 spell: Summon Ice Beast
   373 | D        | Found a basalt altar of Yredelemnul.
   373 | D        | Found a shimmering altar of Xom.
   373 | D        | Found a shimmering altar of Xom.
   373 | D        | Found an ancient bone altar of Kikubaaqudgha.
   373 | D        | Noticed a slime creature
   377 | D        | Killed a slime creature
   377 | D        | Reached skill level 10 in Summonings
   377 | D        | Reached XP level 5. HP: 28/28 MP: 9/22
   380 | D        | Killed a gargoyle
   381 | D        | Found a shadowy altar of Dithmenos.
   381 | D        | Noticed a jelly
   387 | D        | Killed a jelly
   390 | D        | Found a bloodstained altar of Trog.
   398 | D        | Found Mnott's Magic Scroll Emporium.
   398 | D        | Found an iron altar of Okawaru.
   398 | D        | Found a bloodstained altar of Trog.
   398 | D        | Found an ancient bone altar of Kikubaaqudgha.
   398 | D        | Found a glowing golden altar of the Shining One.
   398 | D        | Noticed an elephant slug
   412 | D        | Killed an elephant slug
   412 | D        | Reached skill level 11 in Summonings
   442 | D        | Found a snail-covered altar of Cheibriados.
   498 | D        | Noticed Sonja
   518 | D        | Killed Sonja
   518 | D        | Reached skill level 10 in Spellcasting
   518 | D        | Reached skill level 12 in Summonings
   518 | D        | Reached XP level 6. HP: 27/32 MP: 9/26
   607 | D        | Killed by an exploding giant spore

Action                   |  1- 3 |  4- 6 || total
-------------------------+-------+-------++-------
Melee: Unarmed           |    10 |       ||    10
 Cast: Summon Small Mamm |     5 |       ||     5
       Call Imp          |    10 |       ||    10
       Summon Ice Beast  |       |    10 ||    10
       Summon Lightning  |       |     2 ||     2
  Use: Potion            |     1 |       ||     1
 Stab: Distracted        |     1 |       ||     1
